 Dungeon Crawl Stone Soup version 0.29.0-4-gdea44cf6ec (webtiles) character file.

Game seed: 1358132640443736008

158137 qw the Warrior (level 17, -10/168 HPs)
             Began as a Minotaur Berserker on Sept 9, 2022.
             Was an Elder of Trog.
             Mangled by an alligator (13 damage)
             ... called by a spriggan druid
             ... on level 3 of the Swamp.
             The game lasted 00:14:08 (38822 turns).

qw the Warrior (Minotaur Berserker)                Turns: 38822, Time: 00:14:08

Health: -10/168    AC: 28    Str: 29    XL:     17   Next: 13%
Magic:  16/16      EV: 10    Int:  4    God:    Trog [****..]
Gold:   1955       SH: 13    Dex: 11    Spells: 16/16 levels left

rFire   + . .      SeeInvis +   y - +7 broad axe (vamp)
rCold   . . .      Faith    .   n - +0 kite shield
rNeg    . . .      Spirit   .   r - +0 plate armour
rPois   +          Reflect  .   p - +0 mask of the Dragon {Will+ Slay+3 SInv}
rElec   .          Harm     .   q - +1 cloak
rCorr   .          Rampage  +   A - +2 pair of gloves
Will    +++..                   j - +2 pair of boots {rampage}
Stlth   ..........              u - amulet of regeneration
HPRegen 1.18/turn               Y - ring of protection from fire
MPRegen 0.15/turn               z - ring of willpower

@: about to teleport, on berserk cooldown, slowed, very slow
A: horns 2, retaliatory headbutt, sense surroundings 1, poison resistance,
screaming 1
a: Renounce Religion, Berserk, Trog's Hand, Brothers in Arms


You were on level 3 of the Swamp.
You worshipped Trog.
Trog was greatly pleased with you.
You visited 5 branches of the dungeon, and saw 28 of its levels.
You visited 1 bazaar.

You collected 2995 gold pieces.
You spent 1040 gold pieces at shops.


Innate Abilities, Weirdness & Mutations

You have a pair of horns on your head.
You reflexively headbutt those who attack you in melee.
You passively map a small area around you.
Your system is resistant to poisons. (rPois)
You occasionally shout uncontrollably at your foes.


   Skills:
 - Level 19.0 Fighting
 - Level 18.1 Axes
 - Level 7.1 Throwing
 - Level 18.0 Armour
 + Level 8.6 Dodging
 - Level 17.0 Shields


You had 16 spell levels left.
You didn't know any spells.
Your spell library was empty.

Inventory:

Hand Weapons
 m - a +0 morningstar
 s - the +7 broad axe of Tinliuhy {freeze, rF++ Dex+2}
   (You found it on level 2 of the Spider Nest)

   It freezes those it strikes, dealing additional cold damage.
   It can also slow down cold-blooded creatures.
   Dex:       It affects your dexterity (+2).
   rF:        It greatly protects you from fire.
 y - a +7 vampiric broad axe (weapon)
Missiles
 f - 12 boomerangs (quivered)
Armour
 a - a +1 chain mail of fire resistance
 e - +0 fire dragon scales
 j - a +2 pair of boots of rampaging (worn)
 n - a +0 kite shield (worn)
 p - the +0 mask of the Dragon (worn) {Will+ Slay+3 SInv}
   (You found it on level 6 of the Dungeon)

   Slay:      It affects your accuracy & damage with ranged weapons and melee
   (+3).
   SInv:      It lets you see invisible.
   Will:      It increases your willpower.
 q - a +1 cloak (worn)
 r - a +0 plate armour (worn)
 A - a +2 pair of gloves (worn)
Jewellery
 i - a ring of resist corrosion
 l - a ring of positive energy
 o - a ring of protection from fire
 u - an amulet of regeneration (around neck)
 z - a ring of willpower (right hand)
 Y - a ring of protection from fire (left hand)
Scrolls
 b - 9 scrolls of identify
 t - a scroll of teleportation
Potions
 c - 3 potions of might
 d - 13 potions of curing
 g - 3 potions of haste
 h - 2 potions of resistance
 k - 3 potions of cancellation
 v - 2 potions of mutation
 x - 9 potions of heal wounds

Dungeon Overview and Level Annotations

Branches:
Dungeon (15/15)            Temple (0/1) D:5            Lair (5/5) D:10
  Swamp (3/4) Lair:2       Spider (3/4) Lair:3        Slime (0/5) Lair:5
    Orc (2/2) D:9             Elf (0/3) Orc:2        Vaults (0/5) D:13
 Depths (0/4) D:15

Altars:
Cheibriados
Elyvilon
Fedhas
Gozag
Kikubaaqudgha
Nemelex Xobeh
Vehumet
Wu Jian
Zin
The Shining One

Shops:
D:2 [   D:4 (   Orc:2 :[*(

Annotations:
D:7 2 runed translucent doors
D:9 1 runed translucent door, qw's ghost, novice GrBe
Lair:5 1 runed translucent door


Message History

You block the swamp worm's attack.
The goliath frog hits you but does no damage.
The alligator bites you but does no damage.
The alligator tail-slaps you but does no damage.
You block the spriggan rider's attack.
The alligator bites you but does no damage.
The alligator tail-slaps you!
The spriggan rider hits you from afar with a +0 spear!
You block the alligator's attack. The alligator barely misses you.
The alligator bites you but does no damage.
The alligator closely misses you.
You slash the swamp worm!
You feel better.
You kill the swamp worm!
Trog accepts your kill.
You hit the alligator. You slash the alligator! x2
You block the goliath frog's attack.
The spriggan rider hits you from afar with a +0 spear!
You block the alligator's attack. x3; The alligator tail-slaps you.
The spriggan rider hits you but does no damage.
The alligator bites you!!
The alligator tail-slaps you but does no damage.
The goliath frog misses you.
The alligator bites you but does no damage.
The alligator tail-slaps you but does no damage.
The alligator bites you! The alligator closely misses you.
The spriggan rider hits you from afar with a +0 spear.
38822 ||| READING 2 scrolls of teleportation.
As you read the scroll of teleportation, it crumbles to dust.
You feel strangely unstable. You block the alligator's attack.
The alligator tail-slaps you but does no damage.
The alligator completely misses you.
The alligator tail-slaps you but does no damage.
The goliath frog closely misses you.
The spriggan rider hits you but does no damage.
The alligator bites you but does no damage.
You block the alligator's attack. The alligator bites you!
You block the alligator's attack. You block the spriggan rider's attack.
The alligator bites you!
You die...

* , * ~ ** ~~~.77777
7.# ..
~.~..~~.7777..#... ~
......~~~~~...#.. ,
~~~~~~~~~=...... . ~
~~~ยค~~~~~...~.#, ,.~
* ,
~~~~~~~~~..~~.###~~~
* ~
.~~.~.itt...~....~~~~
~* ,
,7.i~@t~~~~%~~~.~ , *
7~F)t.~.%).~~..~ ~ ~
77..<~/7~)7~..~7 ~ ~
* 7~[~~.7777~...~ ,
7.~...7 ~~ * , *
77~<.77 ~ , ~~ *


77777 * , * * * You could see 4 alligators, 2 spriggan riders and a goliath frog
(strong).

Vanquished Creatures
  Jorgrun (Orc:1)
  Frances (Spider:2)
  Kirke (Swamp:3)
  A fenstrider witch (Swamp:3)
  An orc warlord (Orc:2)
  A ghost moth (Spider:2)
  A broodmother (Spider:3)
  A stone giant (D:15)
  5 eleionomae
  Nessos (D:12)
  3 entropy weavers
  2 bunyips (Swamp:2)
  A spark wasp (Spider:3)
  2 ettins (Orc:1)
  Erolcha (D:10)
  7 hydras
  6 boulder beetles
  An ogre mage (D:15)
  2 catoblepae
  5 centaur warriors
  15 two-headed ogres
  A tengu warrior (D:15)
  7 alligators
  13 death yaks
  4 orc high priests (Orc:2)
  A pharaoh ant (Spider:1)
  2 goliath frogs
  4 skeletal warriors (D:13)
  2 sun moths (Spider:2)
  4 orb spiders
  3 steelbarb worms (Spider:1)
  2 swamp dragons (Swamp:2)
  2 lindwurms
  3 spriggan druids
  Lodul (D:14)
  2 deep elf pyromancers (D:12)
  3 bog bodies
  5 orc knights
  4 orc sorcerers (Orc:2)
  A deep elf zephyrmancer (D:12)
  12 wolf spiders
  13 ugly things
  4 manticores
  A moth of wrath (Spider:2)
  6 elephants
  6 cyclopes
  A water nymph (shapeshifter) (D:13)
  Maurice (D:9)
  5 black mambas
  9 torpor snails
  2 gargoyles
  13 cane toads
  3 yaktaurs (D:15)
  13 demonic crawlers
  Psyche (D:8)
  A tengu conjurer (D:13)
  An unseen horror (D:12)
  2 rime drakes
  8 komodo dragons
  8 tyrant leeches
  9 trolls
  6 polar bears
  2 bloated husks
  22 tarantellas
  10 hornets
  7 blink frogs
  3 slime creatures (D:13)
  11 dream sheep
  18 jumping spiders
  A centaur simulacrum (D:15)
  18 culicivoras
  A vampire (D:12)
  2 shadows
  2 wraiths
  4 hogs (Swamp:3)
  3 spriggans
  2 wyverns
  27 yaks
  2 basilisks
  42 redbacks
  6 vampire mosquitoes
  Menkaure (D:4)
  8 swamp worms
  5 wargs
  2 acid dragons
  10 water moccasins
  39 orc warriors
  2 swamp drakes (Swamp:1)
  A sky beast (shapeshifter) (D:13)
  A black bear (shapeshifter) (D:13)
  3 black bears
  7 ice beasts
  24 ogres
  7 centaurs
  15 wolves
  6 kobold brigands
  2 phantoms
  Blork the orc (D:5)
  7 bullfrogs
  A gnoll sergeant (D:10)
  3 scorpions
  A necrophage (D:5)
  6 wights (D:9)
  6 killer bees (D:8)
  4 howler monkeys
  10 electric eels
  12 jellies
  4 gnoll boudas
  37 orc priests
  5 hounds
  5 iguanas
  Terence (D:2)
  24 orc wizards
  38 gnolls
  9 adders
  3 white imps
  A worm (D:2)
  5 dart slugs
  123 orcs
  8 ball pythons
  4 bats
  10 endoplasms
  4 giant cockroaches
  13 hobgoblins
  7 jackals
  68 kobolds
  2 quokkas
  A frilled lizard (D:1)
  14 goblins
  A goblin zombie (D:5)
  6 rats
1008 creatures vanquished.

Vanquished Creatures (collateral kills)
  Roxanne (Spider:1)
  2 hydras
  An orb spider (Spider:2)
  A manticore (D:14)
  A demonic crawler (Spider:2)
  A tarantella (Spider:3)
  A water moccasin (Lair:4)
8 creatures vanquished.

Vanquished Creatures (others)
  A bloated husk (Swamp:3)
  A hornet (Swamp:3)
  2 spriggans
  A hog (Swamp:3)
  A human (Swamp:3)
  A bullfrog (D:8)
  A bush (Lair:5)
  28 fungi
  144 plants
180 creatures vanquished.

Grand Total: 1196 creatures vanquished

Notes
Turn   | Place    | Note
-------+----------+-------------------------------------------
     0 | D:1      | qw the Minotaur Berserker began the quest for the Orb.
     0 | D:1      | Reached XP level 1. HP: 19/19 MP: 0/0
     0 | D:1      | 0 ||| qw: Version: 0.1-a-113-g051387a
     0 | D:1      | 0 ||| qw: Game counter: 6990
     0 | D:1      | 0 ||| qw: Always use a shield: true
     0 | D:1      | 0 ||| qw: Do Orc after D:15 true
     0 | D:1      | 0 ||| qw: Do second Lair branch before Depths: true
     0 | D:1      | 0 ||| qw: Lair rune preference: random
     0 | D:1      | 0 ||| qw: Plans: Normal
     0 | D:1      | 0 ||| PLANNING D:1-11
    18 | D:1      | 18 ||| Stepping ~*~*~tactically~*~*~ (stealth).
    19 | D:1      | 19 ||| Stepping ~*~*~tactically~*~*~ (stealth).
    21 | D:1      | 21 ||| Stepping ~*~*~tactically~*~*~ (stealth).
    22 | D:1      | 22 ||| Stepping ~*~*~tactically~*~*~ (stealth).
   245 | D:1      | Reached XP level 2. HP: 25/26 MP: 1/1
   825 | D:1      | 825 ||| INVOKING Berserk.
   826 | D:1      | 826 ||| INVOKING Berserk.
   828 | D:1      | Reached XP level 3. HP: 31/31 MP: 2/2
  1166 | D:1      | 1166 ||| READING scroll labelled VYJUUQEIZIMM.
  1167 | D:1      | 1167 ||| READING scroll labelled JAEGGUODUE.
  1170 | D:1      | 1170 ||| READING scroll labelled HOCSEU TOIMMI.
  1415 | D:2      | 1415 ||| INVOKING Berserk.
  1420 | D:2      | Reached skill level 6 in Axes
  1420 | D:2      | Reached XP level 4. HP: 35/39 MP: 3/3
  1421 | D:2      | Reached ** piety under Trog
  1536 | D:2      | 1536 ||| DROPPING +0 whip.
  1942 | D:2      | 1942 ||| UPGRADING to +0 scale mail.
  1952 | D:2      | 1952 ||| DROPPING +0 animal skin.
  1953 | D:2      | 1953 ||| READING scroll labelled UJUM ZAICWEIN.
  1954 | D:2      | 1954 ||| DRINKING 2 sapphire potions.
  2034 | D:2      | Noticed Terence
  2038 | D:2      | 2038 ||| INVOKING Berserk.
  2041 | D:2      | Killed Terence
  2042 | D:2      | Reached XP level 5. HP: 45/45 MP: 4/4
  2252 | D:2      | 2252 ||| Stepping ~*~*~tactically~*~*~ (stealth).
  2441 | D:2      | 2441 ||| Stepping ~*~*~tactically~*~*~ (hiding).
  2461 | D:2      | Found Pumaf's Antique Armour Emporium.
  2468 | D:2      | 2468 ||| SHOPLISTING pair of runed gloves (180 gold, have
                  | 96).
  2468 | D:2      | 2468 ||| SHOPLISTING runed plate armour (624 gold, have
                  | 96).
  2468 | D:2      | 2468 ||| SHOPLISTING translucent hat (216 gold, have 96).
  2468 | D:2      | 2468 ||| SHOPLISTING turquoise-encrusted chain mail (228
                  | gold, have 96).
  2494 | D:2      | 2494 ||| READING scroll labelled JERINKUUHA.
  2641 | D:2      | 2641 ||| READING scroll labelled IDIL IPNUFF.
  2642 | D:2      | 2642 ||| READING scroll of teleportation.
  2748 | D:3      | Reached skill level 4 in Fighting
  2809 | D:3      | 2809 ||| Stepping ~*~*~tactically~*~*~ (stealth).
  2810 | D:3      | 2810 ||| Stepping ~*~*~tactically~*~*~ (stealth).
  2812 | D:3      | 2812 ||| Stepping ~*~*~tactically~*~*~ (stealth).
  2814 | D:3      | 2814 ||| Stepping ~*~*~tactically~*~*~ (stealth).
  2822 | D:3      | 2822 ||| Stepping ~*~*~tactically~*~*~ (stealth).
  2882 | D:3      | 2882 ||| Stepping ~*~*~tactically~*~*~ (stealth).
  2887 | D:3      | 2887 ||| Stepping ~*~*~tactically~*~*~ (stealth).
  2890 | D:3      | 2890 ||| Stepping ~*~*~tactically~*~*~ (stealth).
  2933 | D:3      | 2933 ||| FLEEEEING.
  2934 | D:3      | 2934 ||| FLEEEEING.
  2938 | D:3      | 2938 ||| FLEEEEING.
  2939 | D:3      | 2939 ||| FLEEEEING.
  2940 | D:3      | 2940 ||| FLEEEEING.
  2941 | D:3      | 2941 ||| FLEEEEING.
  2942 | D:3      | 2942 ||| FLEEEEING.
  2943 | D:3      | 2943 ||| FLEEEEING.
  2944 | D:3      | 2944 ||| FLEEEEING.
  2949 | D:3      | 2949 ||| FLEEEEING.
  2950 | D:3      | 2950 ||| FLEEEEING.
  2951 | D:3      | 2951 ||| FLEEEEING.
  2952 | D:3      | 2952 ||| FLEEEEING.
  2954 | D:3      | 2954 ||| STAIRDANCE
  3116 | D:2      | 3116 ||| DRINKING 2 yellow potions.
  3152 | D:3      | 3152 ||| FLEEEEING.
  3153 | D:3      | 3153 ||| FLEEEEING.
  3160 | D:3      | 3160 ||| STAIRDANCE
  3207 | D:3      | 3207 ||| Stepping ~*~*~tactically~*~*~ (hiding).
  3208 | D:3      | 3208 ||| Stepping ~*~*~tactically~*~*~ (hiding).
  3214 | D:3      | 3214 ||| INVOKING Berserk.
  3324 | D:3      | 3324 ||| Stepping ~*~*~tactically~*~*~ (stealth).
  3332 | D:3      | 3332 ||| Stepping ~*~*~tactically~*~*~ (stealth).
  3333 | D:3      | 3333 ||| Stepping ~*~*~tactically~*~*~ (stealth).
  3338 | D:3      | 3338 ||| Stepping ~*~*~tactically~*~*~ (stealth).
  3339 | D:3      | 3339 ||| Stepping ~*~*~tactically~*~*~ (stealth).
  3340 | D:3      | 3340 ||| Stepping ~*~*~tactically~*~*~ (stealth).
  3518 | D:3      | 3518 ||| UPGRADING to +0 chain mail.
  3532 | D:3      | 3532 ||| UPGRADING to +0 chain mail.
  3537 | D:3      | 3537 ||| DROPPING +0 scale mail.
  3621 | D:3      | Found a faded altar of an unknown god.
  3647 | D:3      | 3647 ||| READING 2 scrolls labelled KIAXTU SUOT.
  3648 | D:3      | 3648 ||| READING scroll of brand weapon.
  3648 | D:3      | 3648 ||| BRANDING +0 hand axe of freezing.
  3649 | D:3      | 3649 ||| READING scroll labelled MUWEIF GALU.
  3659 | D:4      | Reached XP level 6. HP: 52/52 MP: 5/5
  3674 | D:4      | 3674 ||| Stepping ~*~*~tactically~*~*~ (hiding).
  3679 | D:4      | 3679 ||| INVOKING Berserk.
  3886 | D:4      | 3886 ||| Stepping ~*~*~tactically~*~*~ (hiding).
  3889 | D:4      | 3889 ||| INVOKING Berserk.
  3891 | D:4      | Reached skill level 9 in Axes
  3944 | D:4      | 3944 ||| Stepping ~*~*~tactically~*~*~ (stealth).
  3978 | D:4      | 3978 ||| Stepping ~*~*~tactically~*~*~ (stealth).
  3979 | D:4      | 3979 ||| Stepping ~*~*~tactically~*~*~ (stealth).
  3992 | D:4      | 3992 ||| Stepping ~*~*~tactically~*~*~ (stealth).
  3994 | D:4      | 3994 ||| Stepping ~*~*~tactically~*~*~ (stealth).
  3998 | D:4      | 3998 ||| Stepping ~*~*~tactically~*~*~ (stealth).
  4003 | D:4      | 4003 ||| Stepping ~*~*~tactically~*~*~ (stealth).
  4007 | D:4      | 4007 ||| Stepping ~*~*~tactically~*~*~ (stealth).
  4017 | D:4      | 4017 ||| Stepping ~*~*~tactically~*~*~ (stealth).
  4022 | D:4      | Reached *** piety under Trog
  4031 | D:4      | 4031 ||| Stepping ~*~*~tactically~*~*~ (stealth).
  4033 | D:4      | 4033 ||| Stepping ~*~*~tactically~*~*~ (hiding).
  4034 | D:4      | 4034 ||| Stepping ~*~*~tactically~*~*~ (hiding).
  4040 | D:4      | 4040 ||| INVOKING Berserk.
  4049 | D:4      | 4049 ||| FLEEEEING.
  4183 | D:4      | 4183 ||| Stepping ~*~*~tactically~*~*~ (stealth).
  4184 | D:4      | 4184 ||| Stepping ~*~*~tactically~*~*~ (stealth).
  4201 | D:4      | 4201 ||| Stepping ~*~*~tactically~*~*~ (stealth).
  4472 | D:4      | Noticed Menkaure
  4473 | D:4      | Found Ucroabiu's Antique Weapon Shoppe.
  4476 | D:4      | 4476 ||| INVOKING Berserk.
  4482 | D:4      | Killed Menkaure
  4483 | D:4      | Reached skill level 5 in Fighting
  4483 | D:4      | Reached XP level 7. HP: 62/62 MP: 6/6
  4626 | D:4      | 4626 ||| INVOKING Berserk.
  4631 | D:4      | Reached skill level 3 in Armour
  4837 | D:4      | 4837 ||| Stepping ~*~*~tactically~*~*~ (stealth).
  4838 | D:4      | 4838 ||| Stepping ~*~*~tactically~*~*~ (stealth).
  4865 | D:4      | 4865 ||| Stepping ~*~*~tactically~*~*~ (stealth).
  4869 | D:4      | 4869 ||| Stepping ~*~*~tactically~*~*~ (stealth).
  4980 | D:4      | 4980 ||| Stepping ~*~*~tactically~*~*~ (hiding).
  4981 | D:4      | 4981 ||| Stepping ~*~*~tactically~*~*~ (hiding).
  5019 | D:4      | 5019 ||| FLEEEEING.
  5020 | D:4      | 5020 ||| FLEEEEING.
  5021 | D:4      | 5021 ||| FLEEEEING.
  5022 | D:4      | 5022 ||| FLEEEEING.
  5023 | D:4      | 5023 ||| FLEEEEING.
  5024 | D:4      | 5024 ||| FLEEEEING.
  5025 | D:4      | 5025 ||| FLEEEEING.
  5026 | D:4      | 5026 ||| FLEEEEING.
  5027 | D:4      | 5027 ||| FLEEEEING.
  5028 | D:4      | 5028 ||| FLEEEEING.
  5029 | D:4      | 5029 ||| FLEEEEING.
  5033 | D:4      | 5033 ||| FLEEEEING.
  5034 | D:4      | 5034 ||| FLEEEEING.
  5035 | D:4      | 5035 ||| FLEEEEING.
  5036 | D:4      | 5036 ||| FLEEEEING.
  5037 | D:4      | 5037 ||| FLEEEEING.
  5038 | D:4      | 5038 ||| FLEEEEING.
  5039 | D:4      | 5039 ||| FLEEEEING.
  5040 | D:4      | 5040 ||| FLEEEEING.
  5041 | D:4      | 5041 ||| FLEEEEING.
  5042 | D:4      | 5042 ||| FLEEEEING.
  5043 | D:4      | 5043 ||| FLEEEEING.
  5044 | D:4      | 5044 ||| FLEEEEING.
  5052 | D:4      | 5052 ||| FLEEEEING.
  5055 | D:4      | 5055 ||| FLEEEEING.
  5056 | D:4      | 5056 ||| FLEEEEING.
  5057 | D:4      | 5057 ||| FLEEEEING.
  5058 | D:4      | 5058 ||| FLEEEEING.
  5059 | D:4      | 5059 ||| FLEEEEING.
  5060 | D:4      | 5060 ||| FLEEEEING.
  5061 | D:4      | 5061 ||| FLEEEEING.
  5062 | D:4      | 5062 ||| FLEEEEING.
  5063 | D:4      | 5063 ||| FLEEEEING.
  5064 | D:4      | 5064 ||| FLEEEEING.
  5066 | D:4      | 5066 ||| FLEEEEING.
  5266 | D:4      | 5266 ||| Stepping ~*~*~tactically~*~*~ (stealth).
  5295 | D:4      | 5295 ||| Stepping ~*~*~tactically~*~*~ (stealth).
  5296 | D:4      | Reached **** piety under Trog
  5304 | D:4      | Reached skill level 6 in Fighting
  5324 | D:4      | 5324 ||| FLEEEEING.
  5325 | D:4      | 5325 ||| FLEEEEING.
  5326 | D:4      | 5326 ||| FLEEEEING.
  5327 | D:4      | 5327 ||| FLEEEEING.
  5328 | D:4      | 5328 ||| FLEEEEING.
  5329 | D:4      | 5329 ||| FLEEEEING.
  5333 | D:4      | 5333 ||| FLEEEEING.
  5334 | D:4      | 5334 ||| FLEEEEING.
  5335 | D:4      | 5335 ||| FLEEEEING.
  5336 | D:4      | 5336 ||| FLEEEEING.
  5337 | D:4      | 5337 ||| FLEEEEING.
  5338 | D:4      | 5338 ||| FLEEEEING.
  5339 | D:4      | 5339 ||| FLEEEEING.
  5345 | D:4      | 5345 ||| FLEEEEING.
  5346 | D:4      | 5346 ||| FLEEEEING.
  5347 | D:4      | 5347 ||| FLEEEEING.
  5348 | D:4      | 5348 ||| FLEEEEING.
  5349 | D:4      | 5349 ||| FLEEEEING.
  5350 | D:4      | 5350 ||| FLEEEEING.
  5351 | D:4      | 5351 ||| FLEEEEING.
  5352 | D:4      | 5352 ||| FLEEEEING.
  5353 | D:4      | 5353 ||| FLEEEEING.
  5354 | D:4      | 5354 ||| FLEEEEING.
  5355 | D:4      | 5355 ||| FLEEEEING.
  5356 | D:4      | 5356 ||| FLEEEEING.
  5357 | D:4      | 5357 ||| FLEEEEING.
  5358 | D:4      | 5358 ||| FLEEEEING.
  5362 | D:4      | 5362 ||| FLEEEEING.
  5374 | D:4      | 5374 ||| FLEEEEING.
  5375 | D:4      | 5375 ||| STAIRDANCE
  5420 | D:3      | 5420 ||| DROPPING ring of flight.
  5421 | D:3      | 5421 ||| DRINKING 2 glowing green potions.
  5429 | D:4      | 5429 ||| STAIRDANCE
  5517 | D:4      | Reached XP level 8. HP: 59/70 MP: 7/7
  5517 | D:4      | 5517 ||| STAIRDANCE
  6073 | D:5      | Entered Level 5 of the Dungeon
  6074 | D:5      | 6074 ||| PLANNING OSSUARY
  6129 | D:5      | Noticed Blork the orc
  6133 | D:5      | 6133 ||| INVOKING Berserk.
  6135 | D:5      | Killed Blork the orc
  6254 | D:5      | 6254 ||| Stepping ~*~*~tactically~*~*~ (stealth).
  6260 | D:5      | 6260 ||| FLEEEEING.
  6261 | D:5      | 6261 ||| FLEEEEING.
  6262 | D:5      | 6262 ||| FLEEEEING.
  6263 | D:5      | 6263 ||| FLEEEEING.
  6264 | D:5      | 6264 ||| FLEEEEING.
  6265 | D:5      | 6265 ||| FLEEEEING.
  6266 | D:5      | 6266 ||| FLEEEEING.
  6270 | D:5      | 6270 ||| FLEEEEING.
  6271 | D:5      | 6271 ||| FLEEEEING.
  6272 | D:5      | 6272 ||| FLEEEEING.
  6273 | D:5      | 6273 ||| FLEEEEING.
  6275 | D:5      | 6275 ||| FLEEEEING.
  6276 | D:5      | 6276 ||| FLEEEEING.
  6277 | D:5      | 6277 ||| FLEEEEING.
  6279 | D:5      | 6279 ||| FLEEEEING.
  6280 | D:5      | 6280 ||| FLEEEEING.
  6288 | D:5      | 6288 ||| FLEEEEING.
  6292 | D:5      | 6292 ||| FLEEEEING.
  6293 | D:5      | 6293 ||| FLEEEEING.
  6295 | D:5      | 6295 ||| STAIRDANCE
  6353 | D:5      | 6353 ||| STAIRDANCE
  6426 | D:5      | 6426 ||| Stepping ~*~*~tactically~*~*~ (stealth).
  6427 | D:5      | 6427 ||| Stepping ~*~*~tactically~*~*~ (stealth).
  6429 | D:5      | 6429 ||| Stepping ~*~*~tactically~*~*~ (stealth).
  6431 | D:5      | 6431 ||| Stepping ~*~*~tactically~*~*~ (hiding).
  6438 | D:5      | 6438 ||| INVOKING Berserk.
  6438 | D:5      | HP: 21/105 [shadow (9)]
  6442 | D:5      | HP: 9/105 [something (13)]
  6697 | D:5      | Reached skill level 12 in Axes
  6712 | D:5      | 6712 ||| RIP OSSUARY
  6766 | D:5      | 6766 ||| PLANNING D:1-11
  6886 | D:5      | 6886 ||| DROPPING +0 flail.
  6896 | D:5      | 6896 ||| Stepping ~*~*~tactically~*~*~ (hiding).
  6898 | D:5      | 6898 ||| Stepping ~*~*~tactically~*~*~ (hiding).
  6909 | D:5      | 6909 ||| FLEEEEING.
  6910 | D:5      | 6910 ||| FLEEEEING.
  6911 | D:5      | 6911 ||| FLEEEEING.
  6912 | D:5      | 6912 ||| FLEEEEING.
  6913 | D:5      | 6913 ||| FLEEEEING.
  6915 | D:5      | 6915 ||| FLEEEEING.
  6916 | D:5      | 6916 ||| FLEEEEING.
  6917 | D:5      | 6917 ||| FLEEEEING.
  6918 | D:5      | 6918 ||| FLEEEEING.
  6919 | D:5      | 6919 ||| FLEEEEING.
  6920 | D:5      | 6920 ||| FLEEEEING.
  6921 | D:5      | 6921 ||| FLEEEEING.
  7210 | D:5      | Found a staircase to the Ecumenical Temple.
  7341 | D:5      | Reached skill level 7 in Fighting
  7365 | D:5      | 7365 ||| UPGRADING to +2 pair of boots of rampaging.
  7370 | D:5      | 7370 ||| READING scroll labelled XALLYIBUOF.
  7371 | D:5      | 7371 ||| READING scroll labelled HATHRU FORHERI.
  7372 | D:5      | 7372 ||| DRINKING 2 smoky red potions.
  7522 | D:6      | 7522 ||| Stepping ~*~*~tactically~*~*~ (hiding).
  7525 | D:6      | 7525 ||| INVOKING Berserk.
  7696 | D:6      | Reached skill level 1 in Throwing
  7696 | D:6      | Reached XP level 9. HP: 54/79 MP: 8/8
  7815 | D:6      | 7815 ||| INVOKING Berserk.
  8182 | D:6      | Found a blossoming altar of Fedhas.
  8229 | D:6      | Found the +0 mask of the Dragon {Will+ Slay+3 SInv}
  8459 | D:6      | Found a sparkling altar of Nemelex Xobeh.
  8459 | D:6      | Found an ancient bone altar of Kikubaaqudgha.
  8462 | D:6      | 8462 ||| INVOKING Berserk.
  8702 | D:6      | 8702 ||| INVOKING Berserk.
  9279 | D:6      | 9279 ||| UPGRADING to +0 mask of the Dragon {Will+ Slay+3
                  | SInv}.
  9284 | D:6      | 9284 ||| READING scroll labelled FOUDGH LEHUO.
  9285 | D:6      | 9285 ||| READING scroll labelled IBIHEO OJAU.
  9286 | D:6      | 9286 ||| READING scroll labelled RACIUBUOTU.
  9287 | D:6      | 9287 ||| READING 2 scrolls of identify.
  9287 | D:6      | 9287 ||| IDENTIFYING orange potion
  9324 | D:7      | Reached skill level 8 in Fighting
  9327 | D:7      | 9327 ||| Stepping ~*~*~tactically~*~*~ (hiding).
  9328 | D:7      | 9328 ||| Stepping ~*~*~tactically~*~*~ (hiding).
  9329 | D:7      | 9329 ||| Stepping ~*~*~tactically~*~*~ (hiding).
  9330 | D:7      | 9330 ||| Stepping ~*~*~tactically~*~*~ (hiding).
  9345 | D:7      | 9345 ||| SWAPPING to +0 war axe.
  9346 | D:7      | 9346 ||| DROPPING +1 hand axe of protection.
  9349 | D:7      | 9349 ||| INVOKING Berserk.
  9365 | D:7      | 9365 ||| FLEEEEING.
  9366 | D:7      | 9366 ||| FLEEEEING.
  9367 | D:7      | 9367 ||| FLEEEEING.
  9368 | D:7      | 9368 ||| FLEEEEING.
  9369 | D:7      | 9369 ||| STAIRDANCE
  9487 | D:7      | Found a flagged portal.
  9493 | D:7      | 9493 ||| Stepping ~*~*~tactically~*~*~ (stealth).
  9494 | D:7      | 9494 ||| Stepping ~*~*~tactically~*~*~ (stealth).
  9500 | D:7      | 9500 ||| Stepping ~*~*~tactically~*~*~ (stealth).
  9501 | D:7      | 9501 ||| INVOKING Berserk.
  9504 | D:7      | Reached skill level 3 in Dodging
  9507 | D:7      | Found a radiant altar of Vehumet.
  9743 | D:7      | 9743 ||| Stepping ~*~*~tactically~*~*~ (stealth).
  9751 | D:7      | 9751 ||| Stepping ~*~*~tactically~*~*~ (hiding).
  9752 | D:7      | 9752 ||| Stepping ~*~*~tactically~*~*~ (hiding).
  9755 | D:7      | 9755 ||| INVOKING Berserk.
  9937 | D:7      | 9937 ||| INVOKING Berserk.
 10170 | D:7      | 10170 ||| Stepping ~*~*~tactically~*~*~ (hiding).
 10172 | D:7      | 10172 ||| Stepping ~*~*~tactically~*~*~ (hiding).
 10187 | D:7      | 10187 ||| Stepping ~*~*~tactically~*~*~ (hiding).
 10193 | D:7      | 10193 ||| INVOKING Berserk.
 10207 | D:7      | 10207 ||| Stepping ~*~*~tactically~*~*~ (stealth).
 10219 | D:7      | 10219 ||| Stepping ~*~*~tactically~*~*~ (stealth).
 10220 | D:7      | 10220 ||| Stepping ~*~*~tactically~*~*~ (stealth).
 10222 | D:7      | 10222 ||| Stepping ~*~*~tactically~*~*~ (stealth).
 10224 | D:7      | 10224 ||| Stepping ~*~*~tactically~*~*~ (stealth).
 10318 | D:7      | 10318 ||| Stepping ~*~*~tactically~*~*~ (stealth).
 10320 | D:7      | 10320 ||| Stepping ~*~*~tactically~*~*~ (hiding).
 10337 | D:7      | Reached ***** piety under Trog
 10344 | D:7      | 10344 ||| READING scroll of enchant weapon.
 10344 | D:7      | 10344 ||| ENCHANTING +0 war axe.
 10348 | D:7      | Found a large runed translucent door.
 10348 | D:7      | Found a large runed translucent door.
 10357 | D:7      | 10357 ||| Stepping ~*~*~tactically~*~*~ (stealth).
 10359 | D:7      | 10359 ||| Stepping ~*~*~tactically~*~*~ (stealth).
 10361 | D:7      | 10361 ||| Stepping ~*~*~tactically~*~*~ (hiding).
 10365 | D:7      | 10365 ||| INVOKING Berserk.
 10674 | D:7      | Found an ornate altar of the Wu Jian Council.
 10699 | D:7      | 10699 ||| UPGRADING to +0 cloak.
 10704 | D:7      | 10704 ||| UPGRADING to +0 plate armour.
 10714 | D:7      | 10714 ||| DROPPING +0 chain mail.
 10715 | D:7      | 10715 ||| READING scroll labelled RUFOUQ ITY.
 10716 | D:7      | 10716 ||| READING scroll labelled ZOZXEE BUGU.
 10717 | D:7      | 10717 ||| DRINKING 2 bubbling purple potions.
 10718 | D:7      | 10718 ||| READING 2 scrolls of identify.
 10718 | D:7      | 10718 ||| IDENTIFYING clear potion
 10719 | D:7      | 10719 ||| DROPPING potion of attraction.
 10774 | D:8      | Reached XP level 10. HP: 82/88 MP: 9/9
 10784 | D:8      | 10784 ||| FLEEEEING.
 10785 | D:8      | 10785 ||| FLEEEEING.
 10785 | D:8      | Noticed Psyche
 10786 | D:8      | 10786 ||| FLEEEEING.
 10788 | D:8      | 10788 ||| FLEEEEING.
 10789 | D:8      | 10789 ||| Stepping ~*~*~tactically~*~*~ (stealth).
 10793 | D:8      | Reached skill level 6 in Armour
 10793 | D:8      | 10793 ||| FLEEEEING.
 10798 | D:8      | 10798 ||| INVOKING Berserk.
 10803 | D:8      | Killed Psyche
 10885 | D:8      | 10885 ||| READING scroll of enchant armour.
 10885 | D:8      | 10885 ||| ENCHANTING +0 cloak.
 10917 | D:8      | 10917 ||| Stepping ~*~*~tactically~*~*~ (stealth).
 10918 | D:8      | 10918 ||| Stepping ~*~*~tactically~*~*~ (stealth).
 10919 | D:8      | 10919 ||| Stepping ~*~*~tactically~*~*~ (stealth).
 10921 | D:8      | 10921 ||| Stepping ~*~*~tactically~*~*~ (stealth).
 10923 | D:8      | 10923 ||| Stepping ~*~*~tactically~*~*~ (stealth).
 10932 | D:8      | 10932 ||| INVOKING Berserk.
 10932 | D:8      | HP: 33/132 [acid dragon/splash of acid (19)]
 10943 | D:8      | 10943 ||| READING 2 scrolls of teleportation.
 10943 | D:8      | HP: 12/88 [electric eel/bolt of electricity (6)]
 10944 | D:8      | 10944 ||| DRINKING 4 potions of heal wounds.
 11153 | D:8      | 11153 ||| Stepping ~*~*~tactically~*~*~ (stealth).
 11154 | D:8      | 11154 ||| Stepping ~*~*~tactically~*~*~ (stealth).
 11159 | D:8      | 11159 ||| Stepping ~*~*~tactically~*~*~ (stealth).
 11160 | D:8      | 11160 ||| Stepping ~*~*~tactically~*~*~ (stealth).
 11161 | D:8      | 11161 ||| Stepping ~*~*~tactically~*~*~ (stealth).
 11183 | D:8      | 11183 ||| INVOKING Berserk.
 11268 | D:8      | You fall into a shaft and drop 2 floors!
 11268 | D:10     | Entered Level 10 of the Dungeon
 11271 | D:10     | Noticed a two-headed ogre
 11274 | D:10     | Noticed a two-headed ogre
 11275 | D:10     | 11275 ||| INVOKING Berserk.
 11277 | D:10     | Killed a two-headed ogre
 11278 | D:10     | Reached skill level 15 in Axes
 11281 | D:10     | Killed a two-headed ogre
 11282 | D:10     | Reached skill level 9 in Fighting
 11304 | D:10     | 11304 ||| Stepping ~*~*~tactically~*~*~ (stealth).
 11314 | D:10     | 11314 ||| INVOKING Brothers in Arms.
 11315 | D:10     | 11315 ||| INVOKING Brothers in Arms.
 11529 | D:9      | 11529 ||| Stepping ~*~*~tactically~*~*~ (hiding).
 11530 | D:9      | 11530 ||| Stepping ~*~*~tactically~*~*~ (hiding).
 11532 | D:9      | 11532 ||| Stepping ~*~*~tactically~*~*~ (hiding).
 11536 | D:9      | 11536 ||| Stepping ~*~*~tactically~*~*~ (hiding).
 11539 | D:9      | Noticed Maurice
 11580 | D:9      | Killed Maurice
 11666 | D:9      | Found a snail-covered altar of Cheibriados.
 11693 | D:9      | 11693 ||| INVOKING Berserk.
 11857 | D:8      | HP: 14/91 [electric eel/bolt of electricity (14)]
 11858 | D:8      | 11858 ||| READING scroll of teleportation.
 11859 | D:8      | 11859 ||| DRINKING 3 potions of heal wounds.
 11860 | D:8      | 11860 ||| INVOKING Berserk.
 11865 | D:8      | 11865 ||| INVOKING Brothers in Arms.
 11907 | D:8      | 11907 ||| Stepping ~*~*~tactically~*~*~ (stealth).
 11921 | D:8      | 11921 ||| Stepping ~*~*~tactically~*~*~ (stealth).
 11928 | D:8      | 11928 ||| Stepping ~*~*~tactically~*~*~ (stealth).
 11934 | D:8      | 11934 ||| Stepping ~*~*~tactically~*~*~ (stealth).
 11935 | D:8      | 11935 ||| Stepping ~*~*~tactically~*~*~ (stealth).
 11936 | D:8      | 11936 ||| Stepping ~*~*~tactically~*~*~ (stealth).
 11942 | D:8      | 11942 ||| Stepping ~*~*~tactically~*~*~ (stealth).
 11945 | D:8      | 11945 ||| Stepping ~*~*~tactically~*~*~ (stealth).
 11946 | D:8      | 11946 ||| Stepping ~*~*~tactically~*~*~ (stealth).
 11951 | D:8      | 11951 ||| Stepping ~*~*~tactically~*~*~ (stealth).
 11953 | D:8      | 11953 ||| Stepping ~*~*~tactically~*~*~ (stealth).
 11989 | D:8      | 11989 ||| Stepping ~*~*~tactically~*~*~ (stealth).
 11994 | D:8      | 11994 ||| Stepping ~*~*~tactically~*~*~ (stealth).
 12000 | D:8      | 12000 ||| Stepping ~*~*~tactically~*~*~ (stealth).
 12004 | D:8      | 12004 ||| INVOKING Berserk.
 12148 | D:8      | 12148 ||| Stepping ~*~*~tactically~*~*~ (stealth).
 12648 | D:8      | 12648 ||| Stepping ~*~*~tactically~*~*~ (stealth).
 12653 | D:8      | 12653 ||| INVOKING Berserk.
 13000 | D:8      | 13000 ||| UPGRADING to ring of protection from fire.
 13001 | D:8      | 13001 ||| READING 2 scrolls of identify.
 13001 | D:8      | 13001 ||| IDENTIFYING fuming orange potion
 13002 | D:8      | 13002 ||| DROPPING potion of brilliance.
 13112 | D:9      | 13112 ||| FLEEEEING.
 13113 | D:9      | 13113 ||| FLEEEEING.
 13114 | D:9      | 13114 ||| FLEEEEING.
 13115 | D:9      | 13115 ||| FLEEEEING.
 13330 | D:9      | 13330 ||| Stepping ~*~*~tactically~*~*~ (stealth).
 13332 | D:9      | 13332 ||| FLEEEEING.
 13333 | D:9      | 13333 ||| FLEEEEING.
 13334 | D:9      | 13334 ||| FLEEEEING.
 13335 | D:9      | 13335 ||| FLEEEEING.
 13336 | D:9      | 13336 ||| FLEEEEING.
 13337 | D:9      | 13337 ||| FLEEEEING.
 13338 | D:9      | 13338 ||| FLEEEEING.
 13339 | D:9      | 13339 ||| FLEEEEING.
 13348 | D:9      | 13348 ||| STAIRDANCE
 13496 | D:9      | 13496 ||| INVOKING Berserk.
 13500 | D:9      | Reached XP level 11. HP: 99/99 MP: 10/10
 13500 | D:9      | Found a staircase to the Orcish Mines.
 13511 | D:9      | Reached skill level 10 in Fighting
 13600 | D:9      | Found a glowing silver altar of Zin.
 13600 | D:9      | Found a glowing golden altar of the Shining One.
 13601 | D:9      | Found a white marble altar of Elyvilon.
 13603 | D:9      | Found a runed translucent door.
 13603 | D:9      | Noticed qw's ghost (novice GrBe)
 13829 | D:9      | 13829 ||| INVOKING Berserk.
 14011 | D:9      | 14011 ||| INVOKING Berserk.
 14338 | D:10     | Identified the +2 ring mail of the Four Stars {rF+ MP+9}
 14373 | D:10     | 14373 ||| Stepping ~*~*~tactically~*~*~ (stealth).
 14383 | D:10     | Reached skill level 9 in Armour
 14423 | D:10     | Noticed Erolcha
 14424 | D:10     | 14424 ||| INVOKING Trog's Hand.
 14425 | D:10     | 14425 ||| INVOKING Berserk.
 14429 | D:10     | Killed Erolcha
 14549 | D:10     | Identified the +5 flail of the Building Gods {vorpal,
                  | Str+5}
 14551 | D:10     | 14551 ||| DROPPING +5 flail of the Building Gods {vorpal,
                  | Str+5}.
 14597 | D:10     | 14597 ||| Stepping ~*~*~tactically~*~*~ (stealth).
 14599 | D:10     | 14599 ||| Stepping ~*~*~tactically~*~*~ (hiding).
 14708 | D:10     | Found a staircase to the Lair.
 14800 | D:10     | 14800 ||| FLEEEEING.
 14805 | D:10     | 14805 ||| FLEEEEING.
 14861 | D:10     | 14861 ||| Stepping ~*~*~tactically~*~*~ (hiding).
 15071 | D:10     | Found an opulent altar of Gozag.
 15162 | D:10     | 15162 ||| PLANNING LAIR
 15162 | D:10     | 15162 ||| UPGRADING to +0 kite shield.
 15167 | D:10     | 15167 ||| READING scroll labelled RIOBISO MOQO.
 15196 | Lair:1   | Entered Level 1 of the Lair of Beasts
 15203 | Lair:1   | 15203 ||| Stepping ~*~*~tactically~*~*~ (stealth).
 15212 | Lair:1   | Reached skill level 1 in Shields
 15220 | Lair:1   | Reached skill level 3 in Shields
 15360 | Lair:1   | 15360 ||| INVOKING Berserk.
 15818 | Lair:1   | 15818 ||| INVOKING Berserk.
 15970 | Lair:1   | 15970 ||| INVOKING Berserk.
 15984 | Lair:1   | Reached skill level 6 in Shields
 16008 | Lair:1   | 16008 ||| Stepping ~*~*~tactically~*~*~ (stealth).
 16206 | Lair:1   | 16206 ||| INVOKING Berserk.
 16314 | Lair:1   | 16314 ||| INVOKING Berserk.
 16740 | Lair:1   | 16740 ||| UPGRADING to ring of poison resistance.
 16776 | Lair:2   | Noticed a boulder beetle
 16788 | Lair:2   | 16788 ||| INVOKING Berserk.
 16800 | Lair:2   | 16800 ||| STAIRDANCE
 16843 | Lair:2   | 16843 ||| INVOKING Berserk.
 16847 | Lair:2   | 16847 ||| STAIRDANCE
 16899 | Lair:2   | 16899 ||| INVOKING Berserk.
 16905 | Lair:2   | Killed a boulder beetle
 16906 | Lair:2   | Reached skill level 9 in Shields
 16910 | Lair:2   | 16910 ||| STAIRDANCE
 17075 | Lair:2   | 17075 ||| INVOKING Berserk.
 17077 | Lair:2   | Noticed a death yak
 17080 | Lair:2   | Reached XP level 12. HP: 108/108 MP: 11/11
 17082 | Lair:2   | Noticed a death yak
 17082 | Lair:2   | Noticed a death yak
 17086 | Lair:2   | Killed a death yak
 17101 | Lair:2   | Killed a death yak
 17105 | Lair:2   | HP: 17/108 [death yak (20)]
 17106 | Lair:2   | 17106 ||| DRINKING 2 potions of heal wounds.
 17109 | Lair:2   | 17109 ||| DRINKING potion of heal wounds.
 17110 | Lair:2   | Killed a death yak
 17419 | Lair:2   | 17419 ||| INVOKING Berserk.
 17607 | Lair:2   | Reached skill level 11 in Fighting
 17729 | Lair:2   | 17729 ||| Stepping ~*~*~tactically~*~*~ (hiding).
 17737 | Lair:2   | Reached skill level 3 in Throwing
 17747 | Lair:2   | 17747 ||| INVOKING Berserk.
 17884 | Lair:2   | 17884 ||| INVOKING Berserk.
 18148 | Lair:2   | Found a staircase to the Swamp.
 18292 | Lair:2   | 18292 ||| Stepping ~*~*~tactically~*~*~ (stealth).
 18301 | Lair:2   | 18301 ||| Stepping ~*~*~tactically~*~*~ (stealth).
 18563 | Lair:2   | 18563 ||| READING 4 scrolls of identify.
 18563 | Lair:2   | 18563 ||| IDENTIFYING grey potion
 18564 | Lair:2   | 18564 ||| DROPPING potion of ambrosia.
 18627 | Lair:3   | 18627 ||| INVOKING Berserk.
 18796 | Lair:3   | 18796 ||| Stepping ~*~*~tactically~*~*~ (hiding).
 18797 | Lair:3   | 18797 ||| Stepping ~*~*~tactically~*~*~ (hiding).
 18809 | Lair:3   | 18809 ||| INVOKING Berserk.
 18812 | Lair:3   | Reached skill level 12 in Shields
 19006 | Lair:3   | Found a hole to the Spider Nest.
 19048 | Lair:3   | 19048 ||| INVOKING Berserk.
 19239 | Lair:3   | Reached skill level 12 in Fighting
 19274 | Lair:3   | 19274 ||| INVOKING Berserk.
 19287 | Lair:3   | 19287 ||| Stepping ~*~*~tactically~*~*~ (stealth).
 19352 | Lair:3   | 19352 ||| INVOKING Berserk.
 19771 | Lair:3   | 19771 ||| INVOKING Berserk.
 19784 | Lair:3   | Reached XP level 13. HP: 118/118 MP: 12/12
 20173 | Lair:3   | 20173 ||| DROPPING scarf of harm.
 20174 | Lair:3   | 20174 ||| UPGRADING to +0 pair of gloves.
 20265 | Lair:4   | 20265 ||| Stepping ~*~*~tactically~*~*~ (stealth).
 20275 | Lair:4   | 20275 ||| INVOKING Berserk.
 20444 | Lair:4   | 20444 ||| INVOKING Berserk.
 20566 | Lair:4   | 20566 ||| Stepping ~*~*~tactically~*~*~ (stealth).
 20568 | Lair:4   | 20568 ||| Stepping ~*~*~tactically~*~*~ (stealth).
 20570 | Lair:4   | 20570 ||| INVOKING Brothers in Arms.
 20571 | Lair:4   | 20571 ||| SWAPPING to +0 morningstar.
 20572 | Lair:4   | 20572 ||| INVOKING Berserk.
 20580 | Lair:4   | 20580 ||| SWAPPING to +1 war axe.
 20626 | Lair:4   | 20626 ||| Stepping ~*~*~tactically~*~*~ (stealth).
 20629 | Lair:4   | 20629 ||| Stepping ~*~*~tactically~*~*~ (stealth).
 20630 | Lair:4   | 20630 ||| INVOKING Berserk.
 20641 | Lair:4   | Reached skill level 12 in Armour
 20869 | Lair:4   | Reached skill level 13 in Fighting
 20906 | Lair:4   | 20906 ||| Stepping ~*~*~tactically~*~*~ (cloud).
 20907 | Lair:4   | 20907 ||| INVOKING Berserk.
 21421 | Lair:4   | 21421 ||| READING scroll labelled ZADISE GUTIOTO.
 21522 | Lair:4   | 21522 ||| READING 5 scrolls of identify.
 21522 | Lair:4   | 21522 ||| IDENTIFYING viscous yellow potion
 21523 | Lair:4   | 21523 ||| READING 4 scrolls of identify.
 21523 | Lair:4   | 21523 ||| IDENTIFYING glowing brown potion
 21524 | Lair:4   | 21524 ||| DROPPING potion of berserk rage.
 21525 | Lair:4   | 21525 ||| DROPPING potion of lignification.
 21534 | Lair:5   | Entered Level 5 of the Lair of Beasts
 21540 | Lair:5   | 21540 ||| Stepping ~*~*~tactically~*~*~ (stealth).
 21543 | Lair:5   | 21543 ||| Stepping ~*~*~tactically~*~*~ (stealth).
 21583 | Lair:5   | 21583 ||| INVOKING Berserk.
 21673 | Lair:5   | 21673 ||| FLEEEEING.
 21675 | Lair:5   | 21675 ||| STAIRDANCE
 21870 | Lair:5   | Found a runed translucent door.
 21871 | Lair:5   | Noticed a fire dragon
 21872 | Lair:5   | 21872 ||| INVOKING Berserk.
 22020 | Lair:5   | Reached skill level 6 in Throwing
 22020 | Lair:5   | 22020 ||| FLEEEEING.
 22021 | Lair:5   | 22021 ||| FLEEEEING.
 22022 | Lair:5   | 22022 ||| FLEEEEING.
 22023 | Lair:5   | 22023 ||| FLEEEEING.
 22024 | Lair:5   | 22024 ||| FLEEEEING.
 22025 | Lair:5   | 22025 ||| FLEEEEING.
 22026 | Lair:5   | 22026 ||| FLEEEEING.
 22027 | Lair:5   | 22027 ||| FLEEEEING.
 22029 | Lair:5   | 22029 ||| FLEEEEING.
 22031 | Lair:5   | 22031 ||| FLEEEEING.
 22032 | Lair:5   | 22032 ||| FLEEEEING.
 22033 | Lair:5   | 22033 ||| FLEEEEING.
 22035 | Lair:5   | 22035 ||| INVOKING Berserk.
 22056 | Lair:5   | 22056 ||| Stepping ~*~*~tactically~*~*~ (stealth).
 22221 | Lair:5   | 22221 ||| Stepping ~*~*~tactically~*~*~ (stealth).
 22223 | Lair:5   | 22223 ||| Stepping ~*~*~tactically~*~*~ (hiding).
 22226 | Lair:5   | 22226 ||| INVOKING Berserk.
 22279 | Lair:5   | 22279 ||| INVOKING Berserk.
 22544 | Lair:5   | 22544 ||| FLEEEEING.
 22545 | Lair:5   | 22545 ||| FLEEEEING.
 22547 | Lair:5   | 22547 ||| INVOKING Berserk.
 22801 | Lair:5   | 22801 ||| Stepping ~*~*~tactically~*~*~ (stealth).
 22891 | Lair:5   | Found a staircase to the Slime Pits.
 22893 | Lair:5   | 22893 ||| Stepping ~*~*~tactically~*~*~ (stealth).
 22899 | Lair:5   | 22899 ||| Stepping ~*~*~tactically~*~*~ (stealth).
 22910 | Lair:5   | Reached skill level 14 in Fighting
 22921 | Lair:5   | 22921 ||| Stepping ~*~*~tactically~*~*~ (stealth).
 23155 | Lair:5   | 23155 ||| Stepping ~*~*~tactically~*~*~ (cloud).
 23157 | Lair:5   | 23157 ||| INVOKING Berserk.
 23174 | Lair:5   | Reached XP level 14. HP: 132/132 MP: 13/13
 23213 | Lair:5   | 23213 ||| FLEEEEING.
 23214 | Lair:5   | 23214 ||| FLEEEEING.
 23215 | Lair:5   | 23215 ||| FLEEEEING.
 23218 | Lair:5   | 23218 ||| FLEEEEING.
 23219 | Lair:5   | 23219 ||| FLEEEEING.
 23388 | Lair:5   | 23388 ||| Stepping ~*~*~tactically~*~*~ (stealth).
 23389 | Lair:5   | 23389 ||| Stepping ~*~*~tactically~*~*~ (stealth).
 23574 | Lair:5   | Reached skill level 6 in Dodging
 23939 | Lair:5   | 23939 ||| PLANNING D:1-11
 23939 | Lair:5   | 23939 ||| DRINKING 2 glowing pink potions.
 23939 | Lair:5   | Gained mutation: You occasionally shout uncontrollably at
                  | your foes. [potion of mutation]
 23939 | Lair:5   | Gained mutation: You passively map a small area around you.
                  | [potion of mutation]
 23939 | Lair:5   | Gained mutation: Your system is resistant to poisons.
                  | (rPois) [potion of mutation]
 23940 | Lair:5   | 23940 ||| REMOVING ring of poison resistance.
 23941 | Lair:5   | 23941 ||| DROPPING ring of poison resistance.
 23942 | Lair:5   | 23942 ||| UPGRADING to ring of positive energy.
 23943 | Lair:5   | 23943 ||| READING 4 scrolls of identify.
 23943 | Lair:5   | 23943 ||| IDENTIFYING cyan potion
 23944 | Lair:5   | 23944 ||| DROPPING potion of degeneration.
 24157 | D:11     | 24157 ||| Stepping ~*~*~tactically~*~*~ (hiding).
 24159 | D:11     | 24159 ||| Stepping ~*~*~tactically~*~*~ (hiding).
 24160 | D:11     | 24160 ||| Stepping ~*~*~tactically~*~*~ (hiding).
 24161 | D:11     | 24161 ||| Stepping ~*~*~tactically~*~*~ (hiding).
 24415 | D:11     | 24415 ||| Stepping ~*~*~tactically~*~*~ (stealth).
 24418 | D:11     | 24418 ||| Stepping ~*~*~tactically~*~*~ (hiding).
 24574 | D:11     | 24574 ||| PLANNING D
 24574 | D:11     | 24574 ||| UPGRADING to ring of resist corrosion.
 24868 | D:12     | 24868 ||| Stepping ~*~*~tactically~*~*~ (hiding).
 24930 | D:12     | Reached skill level 15 in Fighting
 24974 | D:12     | Noticed Nessos
 24995 | D:12     | 24995 ||| Stepping ~*~*~tactically~*~*~ (hiding).
 24997 | D:12     | 24997 ||| Stepping ~*~*~tactically~*~*~ (hiding).
 24998 | D:12     | 24998 ||| Stepping ~*~*~tactically~*~*~ (hiding).
 25005 | D:12     | 25005 ||| INVOKING Berserk.
 25009 | D:12     | Killed Nessos
 25399 | D:12     | 25399 ||| Stepping ~*~*~tactically~*~*~ (stealth).
 25539 | D:12     | 25539 ||| Stepping ~*~*~tactically~*~*~ (stealth).
 25736 | D:12     | 25736 ||| INVOKING Brothers in Arms.
 25737 | D:12     | 25737 ||| SWAPPING to +0 morningstar.
 25738 | D:12     | 25738 ||| INVOKING Berserk.
 25756 | D:12     | 25756 ||| SWAPPING to +1 war axe.
 25779 | D:12     | 25779 ||| Stepping ~*~*~tactically~*~*~ (stealth).
 25780 | D:12     | 25780 ||| Stepping ~*~*~tactically~*~*~ (stealth).
 25788 | D:12     | 25788 ||| Stepping ~*~*~tactically~*~*~ (stealth).
 25795 | D:12     | 25795 ||| INVOKING Berserk.
 25982 | D:12     | 25982 ||| Stepping ~*~*~tactically~*~*~ (hiding).
 25983 | D:12     | 25983 ||| Stepping ~*~*~tactically~*~*~ (hiding).
 25985 | D:12     | 25985 ||| Stepping ~*~*~tactically~*~*~ (hiding).
 25986 | D:12     | 25986 ||| Stepping ~*~*~tactically~*~*~ (hiding).
 25987 | D:12     | 25987 ||| Stepping ~*~*~tactically~*~*~ (hiding).
 26112 | D:12     | 26112 ||| Stepping ~*~*~tactically~*~*~ (hiding).
 26140 | D:12     | 26140 ||| UPGRADING to ring of protection from fire.
 26142 | D:12     | 26142 ||| DROPPING ring of fire.
 26143 | D:12     | 26143 ||| UPGRADING to ring of willpower.
 26162 | D:13     | 26162 ||| INVOKING Berserk.
 26186 | D:13     | 26186 ||| STAIRDANCE
 26442 | D:13     | 26442 ||| Stepping ~*~*~tactically~*~*~ (stealth).
 26695 | D:13     | Found a gate to the Vaults.
 26697 | D:13     | 26697 ||| INVOKING Berserk.
 26775 | D:13     | 26775 ||| INVOKING Brothers in Arms.
 26777 | D:13     | 26777 ||| SWAPPING to +0 morningstar.
 26778 | D:13     | 26778 ||| INVOKING Berserk.
 26786 | D:13     | 26786 ||| SWAPPING to +1 war axe.
 27136 | D:13     | 27136 ||| Stepping ~*~*~tactically~*~*~ (hiding).
 27143 | D:13     | Reached skill level 15 in Shields
 27259 | D:13     | 27259 ||| Stepping ~*~*~tactically~*~*~ (stealth).
 27517 | D:13     | 27517 ||| READING 4 scrolls of identify.
 27517 | D:13     | 27517 ||| IDENTIFYING blue potion
 27518 | D:13     | 27518 ||| DROPPING potion of magic.
 27539 | D:14     | 27539 ||| PLANNING BAZAAR
 27543 | D:14     | 27543 ||| Stepping ~*~*~tactically~*~*~ (hiding).
 27598 | D:14     | Found a flickering gateway to a bazaar.
 27606 | Bazaar   | Entered a bazaar
 27626 | Bazaar   | Found Wat Lonk's Weapon Emporium.
 27626 | Bazaar   | Found Iwkig's General Store.
 27631 | Bazaar   | 27631 ||| BUYING amulet of regeneration (330 gold).
 27631 | Bazaar   | Bought an amulet of regeneration for 330 gold pieces
 27631 | Bazaar   | 27631 ||| BUYING potion of haste (110 gold).
 27631 | Bazaar   | Bought a potion of haste for 110 gold pieces
 27631 | Bazaar   | 27631 ||| BUYING scroll of identify (22 gold).
 27631 | Bazaar   | Bought a scroll of identify for 22 gold pieces
 27648 | Bazaar   | Found Suqi Yfe's Antique Weapon Emporium.
 27664 | Bazaar   | Found Xiedder's General Store.
 27669 | Bazaar   | 27669 ||| BUYING potion of curing (42 gold).
 27669 | Bazaar   | Bought a potion of curing for 42 gold pieces
 27669 | Bazaar   | 27669 ||| BUYING potion of heal wounds (70 gold).
 27669 | Bazaar   | Bought a potion of heal wounds for 70 gold pieces
 27669 | Bazaar   | 27669 ||| BUYING scroll of enchant weapon (105 gold).
 27669 | Bazaar   | Bought a scroll of enchant weapon for 105 gold pieces
 27669 | Bazaar   | 27669 ||| READING scroll of enchant weapon.
 27669 | Bazaar   | 27669 ||| ENCHANTING +1 war axe.
 27700 | Bazaar   | 27700 ||| UPGRADING to amulet of regeneration.
 27708 | D:14     | 27708 ||| PLANNING D
 27780 | D:14     | 27780 ||| INVOKING Brothers in Arms.
 27781 | D:14     | 27781 ||| INVOKING Brothers in Arms.
 27782 | D:14     | 27782 ||| SWAPPING to +0 morningstar.
 27783 | D:14     | 27783 ||| INVOKING Berserk.
 27807 | D:14     | 27807 ||| SWAPPING to +2 war axe.
 27934 | D:14     | 27934 ||| Stepping ~*~*~tactically~*~*~ (stealth).
 27948 | D:14     | 27948 ||| FLEEEEING.
 27965 | D:14     | Noticed Lodul
 27966 | D:14     | 27966 ||| Stepping ~*~*~tactically~*~*~ (stealth).
 27967 | D:14     | 27967 ||| Stepping ~*~*~tactically~*~*~ (stealth).
 27972 | D:14     | 27972 ||| Stepping ~*~*~tactically~*~*~ (stealth).
 27994 | D:14     | 27994 ||| INVOKING Berserk.
 27998 | D:14     | Killed Lodul
 28165 | D:14     | 28165 ||| READING scroll of enchant armour.
 28165 | D:14     | 28165 ||| ENCHANTING +0 pair of gloves.
 28347 | D:15     | Entered Level 15 of the Dungeon
 28357 | D:15     | Found a staircase to the Depths.
 28357 | D:15     | Noticed a stone giant
 28360 | D:15     | 28360 ||| INVOKING Berserk.
 28369 | D:15     | Killed a stone giant
 28370 | D:15     | Reached skill level 15 in Armour
 28518 | D:15     | 28518 ||| INVOKING Berserk.
 28603 | D:15     | 28603 ||| SWAPPING to +3 war axe.
 28604 | D:15     | 28604 ||| DROPPING +2 war axe.
 28653 | D:15     | 28653 ||| Stepping ~*~*~tactically~*~*~ (hiding).
 28682 | D:15     | 28682 ||| INVOKING Berserk.
 28688 | D:15     | Reached XP level 15. HP: 143/143 MP: 14/14
 28840 | D:15     | Reached skill level 16 in Fighting
 28905 | D:15     | 28905 ||| INVOKING Berserk.
 29130 | D:15     | Identified the +5 battleaxe "Dafokk" {holy, rElec rF+}
 29216 | D:15     | 29216 ||| SWAPPING to +0 morningstar.
 29217 | D:15     | 29217 ||| INVOKING Berserk.
 29236 | D:15     | 29236 ||| SWAPPING to +3 war axe.
 29394 | D:15     | 29394 ||| Stepping ~*~*~tactically~*~*~ (stealth).
 29410 | D:15     | 29410 ||| INVOKING Berserk.
 29559 | D:15     | 29559 ||| INVOKING Trog's Hand.
 29564 | D:15     | 29564 ||| INVOKING Berserk.
 29570 | D:15     | HP: 47/217 [two-headed ogre/+0 giant club (13)]
 29829 | D:15     | 29829 ||| PLANNING ORC
 29829 | D:15     | 29829 ||| DROPPING +1 chain mail of cold resistance.
 29918 | Orc:1    | Entered Level 1 of the Orcish Mines
 29923 | Orc:1    | 29923 ||| INVOKING Berserk.
 30140 | Orc:2    | Entered Level 2 of the Orcish Mines
 30142 | Orc:2    | 30142 ||| STAIRDANCE
 30183 | Orc:2    | Reached skill level 17 in Fighting
 30208 | Orc:2    | 30208 ||| Stepping ~*~*~tactically~*~*~ (stealth).
 30227 | Orc:2    | 30227 ||| Stepping ~*~*~tactically~*~*~ (stealth).
 30233 | Orc:2    | 30233 ||| Stepping ~*~*~tactically~*~*~ (stealth).
 30240 | Orc:2    | 30240 ||| Stepping ~*~*~tactically~*~*~ (stealth).
 30314 | Orc:2    | 30314 ||| SWAPPING to +0 broad axe.
 30318 | Orc:2    | 30318 ||| DROPPING +3 war axe.
 30329 | Orc:2    | 30329 ||| Stepping ~*~*~tactically~*~*~ (hiding).
 30395 | Orc:2    | 30395 ||| Stepping ~*~*~tactically~*~*~ (stealth).
 30396 | Orc:2    | 30396 ||| Stepping ~*~*~tactically~*~*~ (stealth).
 30399 | Orc:2    | 30399 ||| Stepping ~*~*~tactically~*~*~ (stealth).
 30432 | Orc:2    | 30432 ||| READING scroll of enchant weapon.
 30432 | Orc:2    | 30432 ||| ENCHANTING +0 broad axe.
 30494 | Orc:2    | 30494 ||| INVOKING Trog's Hand.
 30495 | Orc:2    | 30495 ||| INVOKING Berserk.
 30670 | Orc:2    | 30670 ||| Stepping ~*~*~tactically~*~*~ (stealth).
 30673 | Orc:2    | 30673 ||| Stepping ~*~*~tactically~*~*~ (stealth).
 30713 | Orc:2    | 30713 ||| Stepping ~*~*~tactically~*~*~ (hiding).
 30736 | Orc:2    | Found a staircase to the Elven Halls.
 30773 | Orc:2    | 30773 ||| INVOKING Trog's Hand.
 30775 | Orc:2    | 30775 ||| INVOKING Berserk.
 30949 | Orc:2    | 30949 ||| Stepping ~*~*~tactically~*~*~ (hiding).
 30952 | Orc:2    | 30952 ||| Stepping ~*~*~tactically~*~*~ (hiding).
 30953 | Orc:2    | 30953 ||| Stepping ~*~*~tactically~*~*~ (hiding).
 31062 | Orc:2    | 31062 ||| Stepping ~*~*~tactically~*~*~ (hiding).
 31074 | Orc:2    | Noticed an orc warlord
 31085 | Orc:2    | 31085 ||| INVOKING Berserk.
 31097 | Orc:2    | Killed an orc warlord
 31170 | Orc:2    | 31170 ||| Stepping ~*~*~tactically~*~*~ (stealth).
 31175 | Orc:2    | 31175 ||| Stepping ~*~*~tactically~*~*~ (stealth).
 31191 | Orc:2    | Found Jiawnija's General Store.
 31195 | Orc:2    | 31195 ||| INVOKING Berserk.
 31339 | Orc:2    | 31339 ||| BUYING scroll of enchant weapon (97 gold).
 31339 | Orc:2    | Bought a scroll of enchant weapon for 97 gold pieces
 31339 | Orc:2    | 31339 ||| READING scroll of enchant weapon.
 31339 | Orc:2    | 31339 ||| ENCHANTING +1 broad axe.
 31359 | Orc:2    | 31359 ||| Stepping ~*~*~tactically~*~*~ (hiding).
 31366 | Orc:2    | 31366 ||| INVOKING Berserk.
 31511 | Orc:2    | 31511 ||| Stepping ~*~*~tactically~*~*~ (stealth).
 31518 | Orc:2    | 31518 ||| INVOKING Berserk.
 31687 | Orc:2    | Found Ran Liux's Weapon Boutique.
 31696 | Orc:2    | 31696 ||| INVOKING Berserk.
 31948 | Orc:2    | 31948 ||| INVOKING Trog's Hand.
 31949 | Orc:2    | 31949 ||| INVOKING Berserk.
 32128 | Orc:2    | Found Pumuvec's Book Emporium.
 32130 | Orc:2    | 32130 ||| INVOKING Berserk.
 32255 | Orc:2    | Found Arot's Armour Shoppe.
 32257 | Orc:2    | 32257 ||| INVOKING Berserk.
 32367 | Orc:2    | 32367 ||| SWAPPING to +3 broad axe.
 32368 | Orc:2    | 32368 ||| DROPPING +2 broad axe.
 32374 | Orc:2    | 32374 ||| BUYING +2 pair of gloves (264 gold).
 32374 | Orc:2    | Bought a +2 pair of gloves for 264 gold pieces
 32414 | Orc:2    | 32414 ||| Stepping ~*~*~tactically~*~*~ (stealth).
 32416 | Orc:2    | 32416 ||| Stepping ~*~*~tactically~*~*~ (hiding).
 32417 | Orc:2    | 32417 ||| Stepping ~*~*~tactically~*~*~ (hiding).
 32427 | Orc:2    | 32427 ||| Stepping ~*~*~tactically~*~*~ (stealth).
 32752 | Orc:2    | 32752 ||| UPGRADING to +2 pair of gloves.
 32762 | Orc:2    | 32762 ||| DROPPING +1 pair of gloves.
 32790 | Orc:1    | 32790 ||| INVOKING Brothers in Arms.
 32791 | Orc:1    | 32791 ||| INVOKING Brothers in Arms.
 32795 | Orc:1    | 32795 ||| INVOKING Berserk.
 33008 | Orc:1    | 33008 ||| Stepping ~*~*~tactically~*~*~ (hiding).
 33010 | Orc:1    | 33010 ||| Stepping ~*~*~tactically~*~*~ (hiding).
 33086 | Orc:1    | Noticed Jorgrun
 33092 | Orc:1    | 33092 ||| INVOKING Berserk.
 33099 | Orc:1    | Killed Jorgrun
 33100 | Orc:1    | Reached skill level 18 in Axes
 33346 | Orc:1    | 33346 ||| PLANNING SPIDER:1-3
 33516 | Spider:1 | Entered Level 1 of the Spider Nest
 33607 | Spider:1 | 33607 ||| Stepping ~*~*~tactically~*~*~ (stealth).
 33608 | Spider:1 | 33608 ||| Stepping ~*~*~tactically~*~*~ (stealth).
 33843 | Spider:1 | Reached XP level 16. HP: 142/155 MP: 15/15
 33869 | Spider:1 | 33869 ||| Stepping ~*~*~tactically~*~*~ (stealth).
 33877 | Spider:1 | 33877 ||| Stepping ~*~*~tactically~*~*~ (stealth).
 33878 | Spider:1 | 33878 ||| Stepping ~*~*~tactically~*~*~ (stealth).
 33944 | Spider:1 | 33944 ||| Stepping ~*~*~tactically~*~*~ (stealth).
 33979 | Spider:1 | Identified Roxanne's Omnibus of the Lithosphere
 33979 | Spider:1 | Noticed Roxanne
 33980 | Spider:1 | 33980 ||| INVOKING Brothers in Arms.
 33985 | Spider:1 | 33985 ||| INVOKING Brothers in Arms.
 33987 | Spider:1 | 33987 ||| INVOKING Berserk.
 33993 | Spider:1 | Killed Roxanne
 34128 | Spider:1 | 34128 ||| INVOKING Brothers in Arms.
 34198 | Spider:1 | 34198 ||| Stepping ~*~*~tactically~*~*~ (stealth).
 34247 | Spider:1 | 34247 ||| Stepping ~*~*~tactically~*~*~ (stealth).
 34364 | Spider:2 | 34364 ||| STAIRDANCE
 34377 | Spider:2 | 34377 ||| STAIRDANCE
 34476 | Spider:2 | 34476 ||| Stepping ~*~*~tactically~*~*~ (hiding).
 34650 | Spider:2 | 34650 ||| Stepping ~*~*~tactically~*~*~ (hiding).
 34653 | Spider:2 | 34653 ||| INVOKING Brothers in Arms.
 34704 | Spider:2 | 34704 ||| INVOKING Brothers in Arms.
 34705 | Spider:2 | 34705 ||| INVOKING Brothers in Arms.
 34715 | Spider:2 | 34715 ||| INVOKING Brothers in Arms.
 34716 | Spider:2 | 34716 ||| INVOKING Brothers in Arms.
 34786 | Spider:2 | 34786 ||| READING scroll of teleportation.
 34794 | Spider:2 | 34794 ||| Stepping ~*~*~tactically~*~*~ (stealth).
 34888 | Spider:2 | 34888 ||| INVOKING Berserk.
 34898 | Spider:2 | Reached skill level 18 in Fighting
 35008 | Spider:2 | 35008 ||| Stepping ~*~*~tactically~*~*~ (stealth).
 35033 | Spider:2 | 35033 ||| Stepping ~*~*~tactically~*~*~ (hiding).
 35046 | Spider:2 | 35046 ||| Stepping ~*~*~tactically~*~*~ (stealth).
 35069 | Spider:2 | 35069 ||| READING 2 scrolls of brand weapon.
 35069 | Spider:2 | 35069 ||| BRANDING +3 broad axe.
 35070 | Spider:2 | 35070 ||| READING scroll of brand weapon.
 35070 | Spider:2 | 35070 ||| BRANDING +3 vorpal broad axe.
 35087 | Spider:2 | 35087 ||| Stepping ~*~*~tactically~*~*~ (stealth).
 35130 | Spider:2 | 35130 ||| Stepping ~*~*~tactically~*~*~ (hiding).
 35132 | Spider:2 | 35132 ||| Stepping ~*~*~tactically~*~*~ (hiding).
 35133 | Spider:2 | 35133 ||| INVOKING Brothers in Arms.
 35134 | Spider:2 | 35134 ||| INVOKING Brothers in Arms.
 35217 | Spider:2 | Identified the +7 broad axe of Tinliuhy {freeze, rF++
                  | Dex+2}
 35307 | Spider:2 | 35307 ||| Stepping ~*~*~tactically~*~*~ (hiding).
 35310 | Spider:2 | 35310 ||| INVOKING Brothers in Arms.
 35458 | Spider:2 | Identified the +7 lajatang of Internal Strife {elec, Will+
                  | Str+4}
 35458 | Spider:2 | Noticed Frances
 35462 | Spider:2 | 35462 ||| INVOKING Berserk.
 35468 | Spider:2 | Killed Frances
 35935 | Spider:3 | 35935 ||| INVOKING Berserk.
 35953 | Spider:3 | 35953 ||| STAIRDANCE
 36147 | Spider:3 | 36147 ||| Stepping ~*~*~tactically~*~*~ (hiding).
 36149 | Spider:3 | 36149 ||| INVOKING Brothers in Arms.
 36221 | Spider:3 | 36221 ||| Stepping ~*~*~tactically~*~*~ (stealth).
 36222 | Spider:3 | 36222 ||| Stepping ~*~*~tactically~*~*~ (stealth).
 36321 | Spider:3 | 36321 ||| Stepping ~*~*~tactically~*~*~ (stealth).
 36323 | Spider:3 | 36323 ||| Stepping ~*~*~tactically~*~*~ (stealth).
 36333 | Spider:3 | 36333 ||| Stepping ~*~*~tactically~*~*~ (stealth).
 36401 | Spider:3 | 36401 ||| Stepping ~*~*~tactically~*~*~ (stealth).
 36403 | Spider:3 | 36403 ||| DRINKING 3 potions of resistance.
 36690 | Spider:3 | 36690 ||| PLANNING SWAMP:1-3
 36726 | Spider:2 | 36726 ||| INVOKING Berserk.
 36953 | Swamp:1  | Entered Level 1 of the Swamp
 36956 | Swamp:1  | 36956 ||| Stepping ~*~*~tactically~*~*~ (hiding).
 37092 | Swamp:1  | 37092 ||| READING scroll of enchant weapon.
 37092 | Swamp:1  | 37092 ||| ENCHANTING +3 vampiric broad axe.
 37097 | Swamp:1  | 37097 ||| Stepping ~*~*~tactically~*~*~ (hiding).
 37098 | Swamp:1  | 37098 ||| Stepping ~*~*~tactically~*~*~ (hiding).
 37143 | Swamp:1  | 37143 ||| SWAPPING to +0 morningstar.
 37145 | Swamp:1  | 37145 ||| INVOKING Berserk.
 37157 | Swamp:1  | Reached skill level 19 in Fighting
 37187 | Swamp:1  | 37187 ||| SWAPPING to +4 vampiric broad axe.
 37298 | Swamp:1  | 37298 ||| Stepping ~*~*~tactically~*~*~ (water).
 37299 | Swamp:1  | 37299 ||| INVOKING Berserk.
 37319 | Swamp:1  | 37319 ||| Stepping ~*~*~tactically~*~*~ (stealth).
 37434 | Swamp:1  | Identified the +1 dagger of Hepliaklqana's Hope {vorpal,
                  | rElec rN+ Stlth+}
 37501 | Swamp:1  | 37501 ||| INVOKING Berserk.
 37723 | Swamp:1  | 37723 ||| READING 9 scrolls of identify.
 37723 | Swamp:1  | 37723 ||| IDENTIFYING bubbling orange potion
 37724 | Swamp:1  | 37724 ||| DROPPING potion of invisibility.
 37748 | Swamp:2  | 37748 ||| INVOKING Berserk.
 37777 | Swamp:2  | 37777 ||| FLEEEEING.
 37778 | Swamp:2  | 37778 ||| FLEEEEING.
 37779 | Swamp:2  | 37779 ||| STAIRDANCE
 37968 | Swamp:2  | 37968 ||| READING 3 scrolls of enchant weapon.
 37968 | Swamp:2  | 37968 ||| ENCHANTING +4 vampiric broad axe.
 37969 | Swamp:2  | 37969 ||| READING 2 scrolls of enchant weapon.
 37969 | Swamp:2  | 37969 ||| ENCHANTING +5 vampiric broad axe.
 37970 | Swamp:2  | 37970 ||| READING scroll of enchant weapon.
 37970 | Swamp:2  | 37970 ||| ENCHANTING +6 vampiric broad axe.
 37973 | Swamp:2  | 37973 ||| INVOKING Berserk.
 38069 | Swamp:2  | 38069 ||| Stepping ~*~*~tactically~*~*~ (stealth).
 38070 | Swamp:2  | 38070 ||| SWAPPING to +0 morningstar.
 38071 | Swamp:2  | 38071 ||| INVOKING Berserk.
 38079 | Swamp:2  | Reached XP level 17. HP: 168/168 MP: 16/16
 38090 | Swamp:2  | 38090 ||| SWAPPING to +7 vampiric broad axe.
 38330 | Swamp:2  | 38330 ||| Stepping ~*~*~tactically~*~*~ (water).
 38338 | Swamp:2  | Reached skill level 18 in Armour
 38598 | Swamp:2  | 38598 ||| READING 10 scrolls of identify.
 38598 | Swamp:2  | 38598 ||| IDENTIFYING fuming black potion
 38599 | Swamp:2  | 38599 ||| DROPPING potion of flight.
 38626 | Swamp:3  | 38626 ||| INVOKING Trog's Hand.
 38627 | Swamp:3  | 38627 ||| INVOKING Berserk.
 38634 | Swamp:3  | 38634 ||| STAIRDANCE
 38739 | Swamp:3  | Noticed Kirke
 38739 | Swamp:3  | 38739 ||| INVOKING Trog's Hand.
 38741 | Swamp:3  | 38741 ||| INVOKING Berserk.
 38759 | Swamp:3  | Killed Kirke
 38796 | Swamp:3  | 38796 ||| INVOKING Berserk.
 38813 | Swamp:3  | 38813 ||| Stepping ~*~*~tactically~*~*~ (water).
 38816 | Swamp:3  | 38816 ||| Stepping ~*~*~tactically~*~*~ (water).
 38821 | Swamp:3  | HP: 28/168 [alligator[a spriggan druid] (24)]
 38822 | Swamp:3  | 38822 ||| READING 2 scrolls of teleportation.
 38822 | Swamp:3  | HP: 3/168 [alligator[a spriggan druid] (12)]
 38822 | Swamp:3  | Mangled by an alligator

Levels and vault maps discovered:
D:1:      minmay_arrival_stone_box, layout_basic, minivault_11
D:2:      layout_basic, serial_shops, shop, nicolae_grassy_gnolls, uniq_terence
D:3:      layout_rooms, shapermc_ecumenical_altar_mp_urbaneastern,
          kennysheep_generic_room_12
D:4:      minmay_goblin_kobold_castle, layout_rooms, serial_shops,
          nicolae_stop_n_shop_2, nrook_uturn, uniq_menkaure
D:5:      layout_rooms, minmay_temple_entry_nine_rooms, enter_ossuary_4,
          uniq_blork_the_orc
D:6:      layout_layer_cave, fedhas_ov_isle_minmay,
          nicolae_overflow_two_pavilions
D:7:      layout_basic, nzn_wu_jian_council_hall, vehumet_crystals,
          jmf_multi_god_temple2, enter_bailey_5
D:8:      layout_basic, serial_bayou, serial_bayou_lagoon_a,
          serial_bayou_pond_a, serial_bayou_lake_a, serial_bayou_pond_e,
          feat_on_display, uniq_psyche
D:9:      layout_long_grid, good_gods_temple_1, kennysheep_slug_shrine,
          minmay_orc_entry_temple_small, hellmonk_ghost_happy_afterlife,
          lightli_minifort, uniq_maurice
D:10:     layout_roguey, mainiacjoe_overflow_surrounded_room,
          david_lair_generic, uniq_erolcha
D:11:     layout_rooms
D:12:     layout_stronghold, eino_small_chamber_without_monster,
          minmay_shattered_shrine, uniq_nessos
D:13:     layout_stronghold, david_vaults_2
D:14:     layout_rooms, kennysheep_decorative_pillar, serial_shops,
          bzr_entry_islet, uniq_lodul
D:15:     grunt_enter_depths_giant_problem, layout_irregular_city,
          grunt_decor_junction
Lair:1:   layout_concentric_octagons, serial_bayou_shore_b
Lair:2:   layout_regular_city, nicolae_swamp_entry_splash_gauntlet,
          infiniplex_staircase_pool, lemuel_fruit_tree
Lair:3:   layout_hall_layers, hellmonk_spider_entry_life_and_decay,
          lemuel_fruit_fields
Lair:4:   layout_roguey
Lair:5:   wormcave, layout_regular_city, minmay_slime_entry_jelly_boxes,
          grunt_forest_stairs_basic, st_stairs_4,
          grunt_forest_large_clearing_hut, serial_bayou_shore_a
Swamp:1:  layout_falls_marsh, nicolae_swamp_decorative_isthmus
Swamp:2:  layout_falls_marsh, evilmike_swamp_ruin_rubble_2,
          infiniplex_staircase_pool_2
Swamp:3:  layout_basic_swamp, evilmike_swamp_ruin_house_2, uniq_kirke
Spider:1: layout_spider_delve, uniq_roxanne
Spider:2: layout_chambers, einodemon_crawler_minivault, uniq_frances
Spider:3: layout_spider_delve, nicolae_spider_webbed_stairs
Orc:1:    layout_caves, uniq_jorgrun
Orc:2:    pubby_orc_utopia

Skill      XL: |  1  2  3  4  5  6  7  8  9 10 11 12 13 14 15 16 17 |
---------------+----------------------------------------------------+-----
Axes           | 4 5 6 7 8 9 10 12 14 16 18 | 18.1
Fighting       | 4 5 6 7 8 9 10 12 14 15 17 19 | 19.0
Armour         | 3 4 5 8 9 11 13 15 16 17 18 | 18.0
Throwing       | 1 2 5 6 7 |  7.1
Dodging        | 3 4 5 6 7 8 |  8.6
Shields        | 9 12 14 15 16 17 | 17.0

Action                   |  1- 3 |  4- 6 |  7- 9 | 10-12 | 13-15 | 16-18 || total
-------------------------+-------+-------+-------+-------+-------+-------++-------
Melee: Hand axe          |    58 |   167 |   368 |       |       |       ||   593
       Headbutt          |     6 |    23 |    78 |    94 |   258 |   122 ||   581
       Punch             |     1 |       |     5 |     1 |       |       ||     7
       War axe           |       |       |    78 |   444 |   640 |       ||  1162
       Morningstar       |       |       |       |       |    24 |    22 ||    46
       Broad axe         |       |       |       |       |   367 |   459 ||   826
Throw: Boomerang         |    12 |       |    44 |    80 |   178 |    70 ||   384
       Javelin           |       |       |       |    15 |    71 |       ||    86
Invok: Berserk           |     2 |     6 |    13 |    30 |    40 |    14 ||   105
       Brothers in Arms  |       |       |       |     2 |     5 |     9 ||    16
       Trog's Hand       |       |       |       |     1 |     4 |     2 ||     7
  Use: Scroll            |     3 |     7 |    10 |     6 |     9 |    10 ||    45
       Potion            |       |     2 |     3 |     4 |     1 |     1 ||    11
 Stab: Distracted        |       |       |       |     1 |       |       ||     1
       Petrified         |       |       |       |       |     6 |       ||     6
Armor: Animal skin       |    10 |       |       |       |       |       ||    10
       Scale mail        |       |    26 |       |       |       |       ||    26
       Chain mail        |       |    29 |   187 |       |       |       ||   216
       Plate armour      |       |       |    11 |   152 |   400 |   311 ||   874
Dodge: Dodged            |    30 |    68 |   125 |    98 |   233 |   159 ||   713
Block: Kite shield       |       |       |       |    76 |   487 |   297 ||   860

Table legend:
 A = Non-vault XP
 B = Vault XP
 C = Vault XP percentage of total XP
 D = Non-vault monster count
 E = Vault monster count
 F = Vault count percentage of total count
                 A         B        C        D         E       F
            +---------+---------+-------+---------+---------+-------
      Total |  169508 |   56403 |  25.0 |     704 |     317 |  31.0
            +---------+---------+-------+---------+---------+-------
        D:1 |      56 |       0 |   0.0 |      24 |       0 |   0.0
        D:2 |     105 |      80 |  43.2 |      20 |       4 |  16.7
        D:3 |     125 |       2 |   1.6 |      26 |       1 |   3.7
        D:4 |     600 |     659 |  52.3 |      27 |      60 |  69.0
        D:5 |     725 |      91 |  11.2 |      23 |       2 |   8.0
        D:6 |    1522 |       0 |   0.0 |      33 |       0 |   0.0
        D:7 |    1217 |       8 |   0.7 |      37 |       4 |   9.8
        D:8 |    1359 |     358 |  20.9 |      35 |       1 |   2.8
        D:9 |    1454 |    1232 |  45.9 |      20 |      11 |  35.5
       D:10 |    3283 |    1592 |  32.7 |      25 |       5 |  16.7
       D:11 |    2626 |       0 |   0.0 |       9 |       0 |   0.0
       D:12 |    4175 |    6995 |  62.6 |      12 |      11 |  47.8
       D:13 |    8538 |     721 |   7.8 |      18 |       3 |  14.3
       D:14 |    2802 |    1627 |  36.7 |       4 |       9 |  69.2
       D:15 |   19692 |    1110 |   5.3 |      44 |       1 |   2.2
     Lair:1 |    5665 |       0 |   0.0 |      25 |       0 |   0.0
     Lair:2 |    6515 |    1530 |  19.0 |      16 |       4 |  20.0
     Lair:3 |    8975 |    1124 |  11.1 |      31 |       5 |  13.9
     Lair:4 |   12873 |       0 |   0.0 |      24 |       0 |   0.0
     Lair:5 |    7692 |    8923 |  53.7 |      32 |      34 |  51.5
    Swamp:1 |   10773 |       0 |   0.0 |      22 |       0 |   0.0
    Swamp:2 |   11015 |       0 |   0.0 |      19 |       0 |   0.0
    Swamp:3 |    6058 |    1804 |  22.9 |      12 |       5 |  29.4
   Spider:1 |   20514 |    1327 |   6.1 |      64 |       1 |   1.5
   Spider:2 |   19060 |    5645 |  22.8 |      52 |       8 |  13.3
   Spider:3 |    9219 |       0 |   0.0 |      26 |       0 |   0.0
      Orc:1 |    2870 |    2049 |  41.7 |      24 |       8 |  25.0
      Orc:2 |       0 |   19526 | 100.0 |       0 |     140 | 100.0
            +---------+---------+-------+---------+---------+-------
